 Dungeon Crawl Stone Soup version 0.32-a0-872-g59262bdc9b (webtiles) character file.

Game seed: 8818955222470175925

31600 Lanoc the Carver (level 13, -9/94 HPs)
             Began as a Coglin Monk on Mar 31, 2024.
             Was the Champion of Hepliaklqana.
             Mangled by a death yak simulacrum (19 damage)
             ... in an ice cave.
             The game lasted 00:29:38 (16321 turns).

Lanoc the Carver (Coglin Monk)                     Turns: 16321, Time: 00:29:39

Health: -9/94      AC: 20    Str: 13    XL:     13   Next: 59%
Magic:  13/13      EV: 14    Int: 10    God:    Hepliaklqana [******]
Gold:   1012       SH:  0    Dex: 20    Spells: 12/12 levels left

rFire   . . .        N - +1 scimitar (protect) {Iwao}
rCold   + . .        q - +3 long sword (holy) {Noor}
rNeg    . . .        Q - +3 scale mail {rC+}
rPois   .            (no helmet)
rElec   .            E - +0 cloak
rCorr   .            (no gloves)
SInv    .            (no boots)
Will    .....        (amulet unavailable) Stlth
                     (ring unavailable)
HPRegen 0.35/turn    (ring unavailable)
MPRegen 0.13/turn    (no gizmo)

%: no passive effects
@: mighty, under a protective aura, on berserk cooldown, slowed, revved, very
slow
A: reduced essence, off-hand wielding, slow wielding, warmup strikes, no
jewellery
a: Invent Gizmo, Renounce Religion, Recall Ancestor, Ancestor Identity,
Transference, Idealise


You were in an ice cave.
You worshipped Hepliaklqana.
Hepliaklqana was exalted by your worship.
You visited 4 branches of the dungeon, and saw 16 of its levels.
You also visited: Bailey and Ice Cave.

You collected 2034 gold pieces.
You spent 1022 gold pieces at shops.

Inventory:

Hand Weapons
 a - a +1 heavy falchion {Bo}
 q - a +3 long sword of holy wrath (offhand) {Noor}
 N - a +1 scimitar of protection (weapon) {Iwao}
Missiles
 k - 4 atropa-tipped darts
 o - 8 curare-tipped darts (quivered)
 u - 4 datura-tipped darts
Armour
 D - +0 steam dragon scales
 E - a +0 cloak (worn)
 H - a +2 ring mail of fire resistance
 O - the +1 pair of gloves "Coho" {rElec Int+3 Dex+5 Slay-2}
   (You bought it in a shop on level 2 of the Orcish Mines)

   Int+3:     It affects your intelligence (+3).
   Dex+5:     It affects your dexterity (+5).
   Slay-2:    It affects your accuracy & damage with ranged weapons and melee
   (-2).
   rElec:     It insulates you from electricity.
 P - the +0 chain mail of the Candlemaker {rPois rC- Str+8 Slay-3}
   (You bought it in a shop on level 2 of the Orcish Mines)

   Str+8:     It affects your strength (+8).
   Slay-3:    It affects your accuracy & damage with ranged weapons and melee
   (-3).
   rC-:       It makes you vulnerable to cold.
   rPois:     It protects you from poison.
 Q - a +3 scale mail of cold resistance (worn)
Wands
 b - a wand of polymorph (3)
 C - a wand of acid (10)
 F - a wand of digging (2)
 I - a wand of roots (8)
 L - a wand of charming (2)
Scrolls
 e - 6 scrolls of teleportation
 g - 2 scrolls of poison
 i - a scroll of fear
 s - a scroll of torment
 w - 3 scrolls of butterflies
 y - a scroll of vulnerability
 B - 2 scrolls of fog
 G - a scroll of enchant weapon
 J - a scroll of immolation
Potions
 c - 4 potions of ambrosia
 d - 4 potions of mutation
 f - 11 potions of curing
 h - 2 potions of might
 j - 5 potions of heal wounds
 l - 2 potions of resistance
 m - 3 potions of enlightenment
 n - a potion of attraction
 p - a potion of cancellation
 r - a potion of berserk rage
 t - 2 potions of invisibility
 v - 2 potions of brilliance {unknown}
 x - 4 potions of lignification
 z - a potion of magic
 A - 2 potions of haste
Miscellaneous
 K - a phantom mirror
 M - a tin of tremorstones (2/2)
 R - a phial of floods


   Skills:
 + Level 10.8 Fighting
 * Level 14.8 Long Blades
 + Level 9.5 Armour
 + Level 9.9 Dodging


You had 12 spell levels left.
You didn't know any spells.
Your spell library contained the following spells:

 Spells                   Type           Power      Damage    Failure   Level
 Apportation              Tloc           0%         N/A       80%         1
 Necrotise                Necr           0%         1d4       80%         1
 Jinxbite                 Hex            0%         N/A       90%         2
 Mercury Vapours          Alch/Air       0%         N/A       90%         2
 Dazzling Flash           Conj/Hex       0%         N/A       99%         3
 Hailstorm                Conj/Ice       0%         3d5       99%         3
 Summon Ice Beast         Ice/Summ       0%         N/A       99%         3
 Tukima's Dance           Hex            0%         N/A       99%         3
 Vampiric Draining        Necr           0%         2d6       99%         3
 Animate Armour           Summ/Erth      0%         N/A       100%        4
 Martyr's Knell           Necr/Summ      0%         N/A       100%        4
 Passage of Golubria      Tloc           0%         N/A       100%        4
 Summon Lightning Spire   Summ/Air       0%         N/A       100%        4
 Alistair's Intoxication  Alch           0%         N/A       100%        5
 Arcjolt                  Conj/Air       0%         1d10      100%        5
 Curse of Agony           Necr           0%         N/A       100%        5
 Irradiate                Conj/Alch      0%         3d11      100%        5
 Lee's Rapid Deconstruct  Erth           0%         3d4*      100%        5
 Yara's Violent Unravell  Hex/Alch       0%         3d3       100%        5
 Permafrost Eruption      Ice/Erth       0%         2x4d1     100%        6
 Sculpt Simulacrum        Ice/Alch       0%         N/A       100%        6


Dungeon Overview and Level Annotations

Branches:
Dungeon (12/15)            Temple (1/1) D:6            Lair (1/5) D:8
    Orc (2/2) D:12            Elf (0/3) Orc:2        Bailey (visited)
  IceCv (1/1)

Altars:
Ashenzari
Cheibriados
Dithmenos
Elyvilon
Fedhas
Gozag
Hepliaklqana
Kikubaaqudgha
Makhleb
Nemelex Xobeh
Okawaru
Qazlal
Ru
Sif Muna
Trog
Uskayaw
Vehumet
Wu Jian
Xom
Yredelemnul
Zin
The Shining One
Beogh

Shops:
D:4 [***   D:6 (   D:8 *   D:11 :   Orc:2 [(((!


Innate Abilities, Weirdness & Mutations

Your life essence is reduced to manifest your ancestor. (-10% HP)
You can wield a second weapon in your off-hand.
It takes a long time for you to wield or remove held weapons.
Your first few attacks do less damage.
You cannot equip rings or amulets.


Message History

* * * LOW HITPOINT WARNING * * *
The two-headed ogre simulacrum barely misses you.
You slice the two-headed ogre simulacrum with your +3 long sword of holy wrath!!
The two-headed ogre simulacrum convulses!
The two-headed ogre simulacrum vaporises!
You slice one of the three-headed hydra simulacrum's heads off!
You slash the two-headed hydra simulacrum with your +3 long sword of holy wrath!
The two-headed hydra simulacrum convulses.
The two-headed hydra simulacrum is heavily damaged.
You chop one of the two-headed hydra simulacrum's heads off!
You slash the one-headed hydra simulacrum with your +1 scimitar of protection!
You lop the one-headed hydra simulacrum's last head off!
The one-headed hydra simulacrum vaporises!
You feel a strong urge to attack something.
You are no longer berserk.
You are exhausted.
You feel yourself slow down.
You slash the elephant simulacrum with your +1 scimitar of protection!
The elephant simulacrum is heavily damaged.
You slash the elephant simulacrum with your +3 long sword of holy wrath!
The elephant simulacrum convulses.
The elephant simulacrum vaporises!
You hit the polar bear simulacrum but do no damage.
You slash the polar bear simulacrum with your +1 scimitar of protection!
The polar bear simulacrum misses you.
The polar bear simulacrum barely misses you. x2
You hit the polar bear simulacrum with your +1 scimitar of protection.
The polar bear simulacrum is severely damaged.
You hit the polar bear simulacrum with your +3 long sword of holy wrath.
The polar bear simulacrum vaporises!
The death yak simulacrum gores you but does no damage.
You slash the death yak simulacrum with your +3 long sword of holy wrath!
The death yak simulacrum convulses!
The death yak simulacrum is moderately damaged.
You slice the death yak simulacrum with your +1 scimitar of protection!!
The death yak simulacrum gores you!
* * * LOW HITPOINT WARNING * * *
The death yak simulacrum freezes you!! You resist.
You die...
Hepliaklqana delivers you to your ancestors.

##.....## ###..
####...## ###
##...#### #
###....#######
###...#....#### ###
###....##...#
##.###### #########..
###○#Z#..=## ###...#
#.Z###@....# ##....##
###..##...######....##
#ZZ2##..#####.....###
#Z.Z###..####.....##
#.Z.Z ##...#....###
##.Z. ###...#### ###.
##### $. )#


You could see a death yak simulacrum.

Vanquished Creatures
  A reaper (IceCv)
  A centaur warrior (D:12)
  2 two-headed ogres
  3 orc high priests
  5 orc knights
  A deep elf pyromancer (D:12)
  6 orc sorcerers
  A cyclops (D:12)
  A manticore (D:12)
  A black mamba (Lair:1)
  2 kobold blastminers (Orc:2)
  An ice statue (IceCv)
  A torpor snail (Lair:1)
  A gargoyle (D:11)
  A kobold demonologist (D:11)
  A komodo dragon (Lair:1)
  An anaconda simulacrum (IceCv)
  3 ice devils
  7 trolls
  2 wraiths (D:9)
  A dire elephant simulacrum (IceCv)
  3 wyverns
  7 yaks
  A death yak simulacrum (IceCv)
  3 wargs
  3 steam dragons
  2 acid dragons (D:11)
  3 harpy simulacra (IceCv)
  12 vampire mosquitoes
  2 water moccasins (D:8)
  A hydra simulacrum (IceCv)
  16 orc warriors
  A sky beast (D:7)
  2 black bears
  An ice beast (D:8)
  5 ogres
  6 centaurs
  3 kobold brigands
  A phantom (D:4)
  2 elf zombies (D:7)
  5 bullfrogs
  2 two-headed ogre simulacra (IceCv)
  5 scorpions
  12 wights
  5 killer bees
  4 elephant simulacra (IceCv)
  5 howler monkeys
  3 bombardier beetles (D:4)
  6 crimson imps (D:8)
  10 orc priests
  2 gnoll boudas
  A human zombie (D:7)
  A hound (D:5)
  12 orc wizards
  3 polar bear simulacra (IceCv)
  2 scorpion zombies (D:7)
  7 troll simulacra (IceCv)
  3 spriggan simulacra (IceCv)
  A killer bee zombie (D:7)
  A wolf simulacrum (IceCv)
  2 ogre zombies (D:7)
  5 hound zombies (D:7)
  4 gnolls
  4 adders
  2 naga simulacra (IceCv)
  5 white imps (IceCv)
  7 ufetubi (IceCv)
  2 adder zombies (D:7)
  A dart slug (D:2)
  43 orcs
  4 ball pythons
  4 bats
  2 endoplasms
  7 goblins
  4 hobgoblins
  3 jackals (D:2)
  A quokka (D:1)
  2 frilled lizards
  17 kobolds
  4 rats (D:1)
330 creatures vanquished.

Vanquished Creatures (collateral kills)
  A boulder beetle (D:7)
  2 orc knights (Orc:1)
  A cyclops (D:12)
  A troll (Orc:2)
  Sigmund (D:2)
  6 yaks
  A steam dragon (D:6)
  A sky beast (D:6)
  A black bear (D:6)
  3 ogres (Orc:1)
  2 centaurs
  3 kobold brigands
  A bullfrog (D:8)
  A two-headed ogre simulacrum (IceCv)
  A scorpion (D:6)
  A wight (D:7)
  2 crimson imps (D:8)
  3 orc priests
  Crazy Yiuf (D:5)
  3 hounds
  A sleepcap (D:6)
  An iguana (D:6)
  7 orc wizards
  A spriggan simulacrum (IceCv)
  3 gnolls
  13 orcs
  An endoplasm (D:3)
  2 goblins
  3 hobgoblins (D:3)
  7 kobolds
  A ball python (D:4)
  A frilled lizard (D:3)
77 creatures vanquished.

Vanquished Creatures (others)
  15 hexers
15 creatures vanquished.

Grand Total: 422 creatures vanquished

Notes
Turn   | Place    | Note
-------+----------+-------------------------------------------
     0 | D:1      | Lanoc the Coglin Monk began the quest for the Orb.
     0 | D:1      | Reached XP level 1. HP: 18/18 MP: 1/1
   177 | D:1      | Reached XP level 2. HP: 24/24 MP: 2/2
   428 | D:1      | Found a faded altar of an unknown god.
   479 | D:1      | Prayed at the altar of an unknown god.
   479 | D:1      | Became a worshipper of Hepliaklqana the Forgotten
   479 | D:1      | Reached * piety under Hepliaklqana
   479 | D:1      | Reached ** piety under Hepliaklqana
   480 | D:1      | Remembered your ancestor Gino as a hexer
   722 | D:1      | Reached *** piety under Hepliaklqana
   880 | D:2      | Noticed Sigmund
   895 | D:2      | Reached XP level 3. HP: 20/26 MP: 3/3
  1021 | D:2      | Killed Sigmund
  1022 | D:2      | Reached skill level 4 in Long Blades
  1022 | D:2      | Reached skill level 1 in Armour
  1022 | D:2      | Reached XP level 4. HP: 30/33 MP: 4/4
  1022 | D:2      | Reached XP level 5. HP: 33/37 MP: 5/5
  1846 | D:3      | Reached XP level 6. HP: 38/43 MP: 6/6
  1987 | D:3      | Reached **** piety under Hepliaklqana
  2175 | D:4      | Found Yhaas's Assorted Antiques.
  2183 | D:4      | Bought a scroll labelled BEHOOPHAICH for 27 gold pieces
  2183 | D:4      | Bought a scroll labelled XUOZAO TIEGE for 27 gold pieces
  2183 | D:4      | Bought a viscous purple potion for 24 gold pieces
  2223 | D:4      | Reached skill level 5 in Long Blades
  2281 | D:4      | Found Ysir's General Store.
  2382 | D:4      | Found Godoi's Antique Armour Emporium.
  2552 | D:4      | Found a blossoming altar of Fedhas.
  2577 | D:4      | Reached XP level 7. HP: 26/49 MP: 7/7
  2932 | D:4      | Found a transporter.
  2932 | D:4      | Found Bopsog's Assorted Antiques.
  2955 | D:4      | Found a transporter.
  2965 | D:4      | Bought a scroll labelled OSEKAS VIEG for 23 gold pieces
  2965 | D:4      | Bought a scroll labelled VAUMUEROYWK for 23 gold pieces
  2965 | D:4      | Bought a ruby potion for 20 gold pieces
  3186 | D:5      | Entered Level 5 of the Dungeon
  3329 | D:5      | Reached skill level 6 in Long Blades
  3434 | D:5      | Found an ornate altar of the Wu Jian Council.
  3506 | D:5      | Got Sif Muna's Grimoire of Damaging Weather
  3549 | D:5      | Noticed a wyvern
  3558 | D:5      | Killed a wyvern
  3559 | D:5      | Reached XP level 8. HP: 15/54 MP: 8/8
  4002 | D:5      | Found a runed translucent door.
  4003 | D:5      | Noticed Crazy Yiuf
  4135 | D:5      | Killed Crazy Yiuf
  4204 | D:6      | Reached skill level 5 in Fighting
  4387 | D:6      | Found a staircase to the Ecumenical Temple.
  4395 | Temple   | Entered the Ecumenical Temple
  4536 | D:6      | Reached skill level 7 in Long Blades
  4586 | D:6      | Noticed a yak
  4586 | D:6      | Noticed a yak
  4587 | D:6      | Noticed a yak
  4588 | D:6      | Noticed a yak
  4760 | D:6      | Reached skill level 5 in Dodging
  5009 | D:6      | Found an ancient bone altar of Kikubaaqudgha.
  5113 | D:6      | Found Xelacret's Hydra Hut.
  5115 | D:6      | Noticed a five-headed hydra
  5153 | D:6      | Found a sparkling altar of Nemelex Xobeh.
  5195 | D:6      | Reached ***** piety under Hepliaklqana
  5311 | D:5      | Killed a yak
  5312 | D:5      | Reached XP level 9. HP: 45/62 MP: 9/9
  5393 | D:6      | Reached skill level 8 in Long Blades
  5553 | D:7      | Noticed a boulder beetle
  5571 | D:7      | You fall into a shaft and drop 1 floor!
  5763 | D:8      | Found Kianniuh's Assorted Antiques.
  5771 | D:8      | Bought a glowing pink potion for 26 gold pieces
  5774 | D:8      | Reached skill level 5 in Armour
  5919 | D:8      | Reached skill level 9 in Long Blades
  5958 | D:8      | Found a staircase to the Lair.
  5992 | D:8      | Reached XP level 10. HP: 50/69 MP: 10/10
  6077 | D:8      | Found a flagged portal.
  6086 | Bailey   | Entered a bailey
  6172 | Bailey   | Found a burning altar of Makhleb.
  6387 | Bailey   | Identified the ring "Vexkigg" {Wiz +Blink Str-5 Int+5}
  7289 | D:7      | Reached skill level 10 in Long Blades
  7661 | D:7      | Reached ****** piety under Hepliaklqana
  7704 | D:7      | Killed a boulder beetle
  7850 | D:7      | Reached XP level 11. HP: 74/77 MP: 11/11
  7860 | D:7      | Found a basalt altar of Yredelemnul.
  8177 | D:9      | Noticed a two-headed ogre
  8182 | D:9      | Killed a two-headed ogre
  8183 | D:9      | Reached skill level 11 in Long Blades
  8984 | D:10     | Entered Level 10 of the Dungeon
  9771 | D:10     | Found a shadowy altar of Dithmenos.
  9771 | D:10     | Found a shimmering blue altar of Sif Muna.
 10285 | D:11     | Reached skill level 12 in Long Blades
 10776 | D:11     | Noticed a walking crystal tome
 10779 | D:11     | Found Zuskywk's Book Emporium.
 10781 | D:11     | Noticed a walking earthen tome
 10968 | D:11     | Noticed a two-headed ogre
 10974 | D:11     | Killed a two-headed ogre
 10975 | D:11     | Reached XP level 12. HP: 67/85 MP: 12/12
 11851 | D:12     | Noticed a centaur warrior
 11858 | D:12     | Killed a centaur warrior
 12148 | D:12     | Found a staircase to the Orcish Mines.
 12549 | Orc:1    | Entered Level 1 of the Orcish Mines
 12550 | Orc:1    | Found a roughly hewn altar of Beogh.
 12564 | D:12     | Reached skill level 13 in Long Blades
 13057 | Orc:1    | Noticed a kraken
 13418 | Orc:2    | Entered Level 2 of the Orcish Mines
 13418 | Orc:2    | Found a staircase to the Elven Halls.
 14083 | Orc:2    | Found Cebrycet's Antique Weapon Shoppe.
 14162 | Orc:2    | Found Ycuigg's Distillery.
 14165 | Orc:2    | Noticed an orc high priest
 14166 | Orc:2    | Noticed an orc high priest
 14167 | Orc:2    | Reached skill level 10 in Fighting
 14180 | Orc:2    | Noticed a sun demon
 14202 | Orc:2    | Paralysed by an orc sorcerer for 5 turns
 14478 | Orc:1    | Killed an orc high priest
 14537 | Orc:1    | Reached XP level 13. HP: 77/92 MP: 13/13
 14624 | Orc:2    | Reached skill level 14 in Long Blades
 14746 | Orc:2    | Found a shimmering blue altar of Sif Muna.
 14749 | Orc:2    | Paralysed by an orc sorcerer for 3 turns
 15047 | Orc:2    | Found Miush's Antique Armour Shoppe.
 15048 | Orc:2    | Found Jeokomar's Antique Weapon Shop.
 15053 | Orc:2    | Found Ekhlovymn's Weapon Shop.
 15069 | Orc:2    | Bought a pair of shimmering gloves for 266 gold pieces
 15069 | Orc:2    | Identified the +1 pair of gloves "Coho" {rElec Int+3 Dex+5
                  | Slay-2} (You bought it in a shop on level 2 of the Orcish
                  | Mines)
 15069 | Orc:2    | Bought a blackened chain mail for 266 gold pieces
 15069 | Orc:2    | Identified the +0 chain mail of the Candlemaker {rPois rC-
                  | Str+8 Slay-3} (You bought it in a shop on level 2 of the
                  | Orcish Mines)
 15081 | Orc:2    | Bought a potion of heal wounds for 80 gold pieces
 15081 | Orc:2    | Bought a potion of might for 64 gold pieces
 15081 | Orc:2    | Bought a potion of mutation for 128 gold pieces
 15081 | Orc:2    | Bought a potion of curing for 48 gold pieces
 15317 | Lair:1   | Entered Level 1 of the Lair of Beasts
 15400 | Lair:1   | Found a frozen archway.
 15476 | IceCv    | Entered an ice cave
 16294 | IceCv    | Noticed a reaper
 16306 | IceCv    | Killed a reaper
 16321 | IceCv    | Mangled by a death yak simulacrum

Illustrated notes

Levels and vault maps discovered:
D:1:      saegor_arrival_simple_a, layout_basic,
          hellmonk_ecumenical_altar_arch_garden, minmay_misc_feat_cross,
          feat_on_display
D:2:      layout_basic, hangedman_decor_clover_reticule, uniq_sigmund
D:3:      layout_rooms
D:4:      layout_basic, mainiacjoe_overflow_boulevard, serial_shops,
          nicolae_shop_drivethru, nicolae_shop_just_a_little_nook,
          nicolae_shop_getting_attention, shop
D:5:      layout_loops_cross, nicolae_wu_jian_immortal_techniques,
          uniq_crazy_yiuf_cottage
D:6:      layout_rooms, lemuel_tele_altar, nemelex_altar_shiori,
          minmay_temple_entry_stoned_glass, doesnt_shop_hydraphobe
D:7:      layout_basic, minmay_fountain_box, hex_tiny,
          roadster_capsule_ark_zombie
D:8:      layout_layer_cave, due_lair_maze_entry_diamond, serial_shops, shop,
          enter_bailey_5, minmay_misc_feat_doors, kennysheep_another_room,
          minmay_nine_imps
D:9:      minmay_spotlight, layout_rooms
D:10:     layout_stronghold, nicolae_overflow_two_pavilions
D:11:     layout_layer_cave, serial_shops, nicolae_shop_mannequins
D:12:     layout_rooms, orc_0_dummy
Temple:   nicolae_temple_slightly_damp_pantheon
Lair:1:   layout_regular_city, portal_ice_cave_demonic_guard,
          infiniplex_staircase_pool_2, uniq_urug
Orc:1:    layout_caves, basic_altar, mainiacjoe_minedec_watcher_in_the_water
Orc:2:    st_orc_elflike, layout_caves, serial_shops,
          nicolae_shop_window_shopping, kennysheep_orc_sif_temple
IceCv:    ice_cave_caverns_01

Skill      XL: |  1  2  3  4  5  6  7  8  9 10 11 12 13 |
---------------+----------------------------------------+-----
Long Blades    | 4 5 6 7 9 10 12 13 14 | 14.8
Armour         | 1 2 3 4 5 6 7 8 9 |  9.5
Dodging        | 3 4 5 6 7 8 9 |  9.9
Fighting       | 4 5 6 7 9 10 | 10.8

Action                     |  1- 3 |  4- 6 |  7- 9 | 10-12 | 13-15 || total
---------------------------+-------+-------+-------+-------+-------++-------
  Melee: Falchion          |    47 |    76 |   185 |   393 |    47 ||   748
         Rapier            |       |       |    32 |    20 |       ||    52
         Long sword        |       |       |       |   374 |   153 ||   527
         Scimitar          |       |       |       |       |   102 ||   102
  Throw: Throwing net      |       |       |     1 |       |       ||     1
         Dart              |       |       |       |     3 |       ||     3
 Invoke: Ancestor Life: He |     1 |       |       |       |       ||     1
         Recall Ancestor   |       |       |     1 |       |       ||     1
    Use: Potion            |     1 |       |       |     2 |     2 ||     5
         Scroll            |       |       |    17 |    12 |     1 ||    30
   Stab: Confused          |       |     1 |     5 |    20 |    14 ||    40
         Distracted        |       |     1 |     2 |     6 |     4 ||    13
         Held in net/web   |       |       |     2 |       |       ||     2
 Armour: Robe              |    31 |    35 |    63 |       |       ||   129
         Steam dragon scal |       |       |    50 |    20 |       ||    70
         Ring mail         |       |       |       |   250 |    48 ||   298
         Scale mail        |       |       |       |       |    45 ||    45
  Dodge: Dodged            |    46 |    38 |   117 |   343 |    81 ||   625

Table legend: (Time is in decaauts)
 A = Elapsed time spent in this place.
 B = Non-inter-level travel time spent in this place.
 C = Inter-level travel time spent in this place.
 D = Time resting spent in this place.
 E = Time spent auto-exploring this place.
 F = Levels seen in this place.
 G = Mean time per level.
                   A        B        C        D        E       F      G
               +--------+--------+--------+--------+--------+-----+--------+
         Total |  16290 |  15666 |    624 |   1287 |  11486 |  18 |  905.0 |
       Dungeon |  12549 |  12032 |    517 |    560 |   9521 |  12 | 1045.8 |
        Temple |      1 |      1 |      0 |      0 |      0 |   1 |    1.0 |
          Lair |    152 |    152 |      0 |     60 |      0 |   1 |  152.0 |
  Orcish Mines |   2438 |   2332 |    106 |    302 |   1537 |   2 | 1219.0 |
        Bailey |    327 |    327 |      0 |    113 |     78 |   1 |  327.0 |
      Ice Cave |    820 |    820 |      0 |    252 |    349 |   1 |  820.0 |
               +--------+--------+--------+--------+--------+-----+--------+

Top non-repeatable levels by time:
    D:11: 1649 daAuts
   Orc:2: 1368 daAuts
     D:8: 1298 daAuts
    D:10: 1246 daAuts
     D:5: 1217 daAuts
     D:6: 1101 daAuts
     D:7: 1074 daAuts
   Orc:1: 1070 daAuts
     D:4: 1045 daAuts
    D:12: 937 daAuts
     D:1: 861 daAuts
     D:9: 825 daAuts
   IceCv: 820 daAuts
     D:2: 729 daAuts
     D:3: 561 daAuts
